 Dungeon Crawl Stone Soup version bcrawl-1.15.1 (webtiles) character file.

Game seed: 11763742819095772034

116 KristoblXynda the Chopper (level 4, -3/38 HPs)
             Began as a Draconian Wanderer on Sept 25, 2019.
             Was an Initiate of Ashenzari.
             Killed by nerve-wracking pain
             ... invoked by an orc priest
              (12 damage)
             ... on level 2 of the Dungeon.
             The game lasted 00:03:06 (2016 turns).

KristoblXynda the Chopper (Draconian Wanderer)      Turns: 2016, Time: 00:03:06

Health: -3/38      AC:  5    Str: 14    XL:     4   Next: 70%
Magic:  5/5        EV: 12    Int: 12    God:    Ashenzari [......]
Gold:   130        SH:  0    Dex: 12    Spells: 3/3 levels left

rFire    . . .     SeeInvis .   a - +3 hand axe
rCold    + . .     Gourm    .   (no shield)
rNeg     . . .     Faith    +   (armour unavailable)
rPois    .         Spirit   .   (helmet restricted)
rElec    .         Reflect  .   (no cloak)
rCorr    .         Harm     .   (no gloves)
MR       .....                  (no boots)
Stlth    +.........             e - amulet of faith
HPRegen  0.12/turn              l - ring of protection from cold
MPRegen  0.09/turn              (no ring)

@: no status effects
A: unfitting armour, cold-blooded, AC +5
a: Curse Item, Renounce Religion


You were on level 2 of the Dungeon.
You worshipped Ashenzari.
Ashenzari was noncommittal.
You were not hungry.

You visited 1 branch of the dungeon, and saw 2 of its levels.

You collected 130 gold pieces.

Inventory:

Hand Weapons
 a - a +3 hand axe (weapon)
Missiles
 j - a throwing net (quivered) {!f}
Armour
 c - a +0 buckler
Jewellery
 e - an amulet of faith (around neck)
 l - a ring of protection from cold (left hand)
Scrolls
 g - a scroll of magic mapping {unknown}
 h - a scroll of enchant weapon
 i - a scroll of teleportation {unknown}
 m - a scroll of identify {unknown}
Potions
 f - 2 potions of lignification {unknown}
 k - a potion of cancellation {unknown}
Comestibles
 d - 2 rations {!d}


   Skills:
 + Level 3.5 Fighting
 + Level 4.8(5.0) Axes
   Level 2.0(3.6) Maces & Flails
 + Level 2.1 Dodging
   Level 2.0 Evocations


You had 3 spell levels left.
You didn't know any spells.
Your spell library was empty.

Dungeon Overview and Level Annotations

Branches:
Dungeon (2/12)

Altars:
Ashenzari
Trog


Innate Abilities, Weirdness & Mutations

Your plain brown scales are hard. (AC +5)
You cannot fit into any form of body armour.
You are cold-blooded and may be slowed by cold attacks.


Message History

The orc priest barely misses you.
You hit the orc priest but do no damage.
The orc priest is heavily wounded.
The orc priest barely misses you.
You hit the orc priest.
The orc priest is heavily wounded.
The orc priest completely misses you.
You hit the orc priest.
The orc priest is severely wounded.
The orc priest mumbles some strange prayers to Beogh against you.
Pain shoots through your body!
* * * LOW HITPOINT WARNING * * *
You hit the orc priest but do no damage.
The orc priest is severely wounded.
You hit the orc priest but do no damage.
You tail-slap the orc priest, but do no damage.
The orc priest is severely wounded.
The orc priest invokes the aid of Beogh against you.
Pain shoots through your body!
You die...

############# #...(.......#
#.#.######..# ###### #.#.#
#..# ##..... #.#.# #..#
#...... #.#.# #..# #..###.
#.#.######..##########..# ##
#.#.##.÷..o@)...........# #
#.#.##÷###..###########.# #
#.#.##.# #..# #.# # #.# #.#
#..# ###.# #.# #### #..###
#...# ##.###8####....#
#.###### #..#._._.#.....#
##.## #..
#.###...####...######...###.#
#.# #...# ##................


You could see an orc priest.

Vanquished Creatures
  A centaur skeleton (D:2)
  Robin (D:2)
  A worm (D:2)
  2 dart slugs
  3 leopard geckos
  4 orcs (D:2)
  3 giant cockroaches
  4 hobgoblins
  4 jackals (D:1)
  8 kobolds
  A quokka (D:2)
  5 bats
  2 frilled lizards
  14 goblins
  7 rats
60 creatures vanquished.

Notes
Turn   | Place    | Note
-------+----------+-------------------------------------------
     0 | D:1      | KristoblXynda the Draconian Wanderer began the quest for
                  | the Orb.
     0 | D:1      | KristoblXynda set off with the following items: a +2 hand
                  | axe, a potion of curing, a +0 mace, a ration {!d}
     0 | D:1      | Reached XP level 1. HP: 17/17 MP: 2/2
    59 | D:1      | Reached XP level 2. HP: 21/25 MP: 3/3
    74 | D:1      | Reached skill level 1 in Dodging
   428 | D:1      | Reached XP level 3. HP: 29/30 MP: 4/4
   677 | D:2      | Noticed Robin
   721 | D:2      | Killed Robin
   985 | D:2      | Reached XP level 4. HP: 38/38 MP: 5/5
  1163 | D:2      | Found a bloodstained altar of Trog.
  1164 | D:2      | Found a shattered altar of Ashenzari.
  1177 | D:2      | Became a worshipper of Ashenzari the Shackled
  2016 | D:2      | Killed from afar by an orc priest

Skill      XL: |  1  2  3  4 |
---------------+-------------+-----
Dodging        | 1 2 |  2.1
Fighting       | 3 |  3.5
Axes           | |  4.8
Maces & Flails | |  2.0
Evocations     | |  2.0

Action                   |  1- 3 |  4- 6 || total
-------------------------+-------+-------++-------
Melee: Hand axe          |   105 |    65 ||   170
       Tailslap          |     8 |     7 ||    15
  Use: Potion            |     2 |     1 ||     3
       Scroll            |       |     1 ||     1
 Stab: Sleeping          |     2 |       ||     2
  Eat: Chunk             |       |     4 ||     4
Armor: Skin              |    38 |    19 ||    57
Dodge: Dodged            |    83 |    33 ||   116
